Map: 로스트 앤 파운드 - 래더

Players

LiquidTaeJa (TaeJa)

  • Race: Terran Terran
  • League: Diamond
  • Spawn Location: 1:00

Solar - Winner!

  • Race: Zerg Zerg
  • League: Platinum
  • Spawn Location: 7:00

Event: HomeStory Cup XVIII

VOD

Have the link to the VOD?

Description

Time

  • Played on: Nov. 23, 2018, 3:18 p.m.
  • Length: 15:49

All games in this series

Show
View Real Time Build Order
Export as new Build Order

LiquidTaeJa Terran 

Build Orders: Liberator Opening, Reaper Expand 

Get SALT Encoding   

  12  0:00  SCV  
  13  0:12  SCV  
  14  0:17  Supply Depot  
  14  0:24  SCV  
  15  0:38  SCV  
  15  0:39  Barracks  
  16  0:43  Refinery  
  16  0:50  SCV  
  17  1:02  SCV  
  18  1:14  SCV  
  19  1:27  Reaper, Orbital Command  
  20  1:37  Command Center  
  20  1:47  Supply Depot  
  20  1:52  SCV  
  21  1:59  Marine  
  22  2:04  SCV  
  22  2:06  Factory  
  23  2:09  Refinery  
  23  2:16  SCV  
  23  2:22  Barracks Reactor  
  24  2:28  SCV  
  25  2:40  SCV  
  26  2:49  Orbital Command  
  26  2:51  Starport  
  26  2:53  SCV  
  27  3:05  SCV  
  28  3:06  Barracks Tech Lab  
  28  3:07  Hellion x2  
  32  3:15  SCV  
  32  3:16  Liberator  
  32  3:17  Supply Depot, SCV  
  34  3:27  SCV  
  34  3:29  SCV  
  34  3:30  Hellion x2  
  43  3:34  Barracks Tech Lab  
  43  3:39  SCV  
  43  3:41  SCV  
  45  3:49  Command Center  
  45  3:51  SCV  
  45  3:53  SCV  
  47  3:56  Supply Depot  
  47  4:03  SCV  
  47  4:05  Marine, SCV  
  47  4:06  Stimpack  
  50  4:15  SCV  
  51  4:19  SCV  
  51  4:21  Supply Depot  
  51  4:22  Starport Reactor  
  51  4:23  Marine  
  53  4:30  SCV  
  53  4:31  SCV  
  55  4:35  Barracks  
  55  4:36  Siege Tank  
  55  4:37  Barracks  
  58  4:41  Engineering Bay  
  58  4:43  Engineering Bay, SCV x2  
  60  4:47  Marine  
  61  4:55  SCV x2  
  63  5:00  Refinery  
  63  5:01  Refinery, Orbital Command  
  63  5:05  Starport Reactor  
  63  5:07  SCV x2  
  63  5:09  Terran Infantry Weapons Level 1, Terran Infantry Armor Level 1  
  63  5:10  Marine  
  66  5:19  SCV x2  
  68  5:26  Barracks  
  68  5:27  Siege Tank, Orbital Command  
  71  5:29  Barracks  
  71  5:31  SCV x2  
  71  5:33  Marine x3  
  71  5:34  Marine  
  71  5:35  Marine  
  78  5:36  Supply Depot x2  
  78  5:43  SCV x2  
  78  5:44  Medivac x2  
  84  5:51  Marine  
  84  5:56  SCV  
  85  5:57  Marine x2, SCV x2  
  89  6:05  Marine x2  
  89  6:07  Combat Shield  
  89  6:09  Marine, SCV x3  
  95  6:14  Supply Depot  
  95  6:15  Armory, Marine, Barracks Reactor  
  95  6:17  Barracks Reactor  
  96  6:21  Marine, SCV x2  
  96  6:23  Marine  
  92  6:25  Marine  
  92  6:26  SCV  
  92  6:30  Supply Depot  
  92  6:32  Marine, Factory Reactor  
  95  6:33  Marine, Refinery, SCV  
  95  6:34  SCV  
  95  6:39  Marine  
  100  6:40  SCV  
  100  6:41  Marine  
  100  6:42  Medivac x2  
  100  6:43  Marine  
  100  6:45  SCV  
  100  6:46  Supply Depot  
  107  6:47  Supply Depot  
  107  6:50  Marine x2  
  107  6:52  SCV  
  107  6:53  SCV  
  107  6:54  Supply Depot, Marine x4  
  112  6:55  Supply Depot  
  112  6:57  Marine  
  112  6:58  Marine  
  114  7:01  Marine  
  114  7:04  Terran Infantry Weapons Level 2  
  114  7:06  Terran Infantry Armor Level 2  
  114  7:08  Marine x2  
  116  7:09  Widow Mine  
  116  7:11  Marine x2  
  116  7:12  Marine x2  
  116  7:15  Supply Depot, Marine  
  124  7:22  Marine x2  
  126  7:31  Factory  
  126  7:33  Supply Depot x2  
  126  7:35  Widow Mine x2, Command Center  
  126  7:36  Marine  
  131  7:38  Terran Vehicle And Ship Armor Level 1  
  131  7:41  Marine  
  131  7:42  Marine x3  
  135  7:45  Marine  
  135  7:46  Marine x2  
  135  7:51  Medivac x2  
  142  8:01  Marine x4, Marauder  
  142  8:05  Widow Mine x2  
  152  8:12  Marine x2  
  154  8:17  Barracks  
  154  8:18  Barracks  
  154  8:19  Barracks  
  154  8:21  Marine x3  
  154  8:23  Marauder  
  154  8:25  Factory Tech Lab  
  154  8:26  Widow Mine x2  
  163  8:28  Concussive Shells  
  163  8:36  Supply Depot  
  163  8:37  Supply Depot x2, Marine x5  
  163  8:39  Marine  
  169  8:44  Marauder  
  169  8:45  Marine x2  
  172  8:49  Widow Mine, Drilling Claws  
  172  8:50  Widow Mine x2  
  172  8:54  Marine  
  179  9:00  Marine x2  
  179  9:01  Supply Depot, Unknown x2  
  181  9:05  Marine  
  181  9:06  Marauder x2, Marine x2, Barracks Tech Lab  
  181  9:07  Barracks Tech Lab  
  187  9:11  Widow Mine  
  187  9:14  Marine  
  187  9:15  Marine x2  
  187  9:17  Widow Mine x2  
  196  9:20  Medivac x2  
  200  9:29  Planetary Fortress  
  200  9:33  Terran Infantry Weapons Level 3, Terran Infantry Armor Level 3  
  200  9:37  Marine x3  
  200  9:38  Marine  
  196  9:42  Widow Mine  
  196  9:43  Widow Mine  
  198  9:49  Widow Mine, Terran Vehicle And Ship Armor Level 2  
  200  10:03  Command Center  
  200  10:04  Sensor Tower  
  199  10:25  Marauder x2, Unknown  
  199  10:26  Marauder x2, Medivac x2  
  187  10:28  Widow Mine x2  
  187  10:29  Widow Mine  
  187  10:34  Marine x2  
  191  10:41  Ghost Academy, Marine x3  
  194  10:47  Marauder x2  
  200  10:50  Widow Mine  
  199  11:21  Marine  
  199  11:22  Marine x2, Marauder x2  
  194  11:29  Marine x2, Marauder x2  
  194  11:31  Widow Mine x2  
  192  11:37  Widow Mine  
  186  11:40  Marine x2, Unknown  
  186  11:41  Medivac x2  
  186  11:46  Marine  
  197  11:47  Marauder x2  
  197  11:51  Barracks  
  197  11:52  Widow Mine, Barracks  
  196  11:56  Marine x2, Marauder x2  
  199  12:07  Marine  
  199  12:08  Marine  
  198  12:14  Medivac  
  184  12:17  Marine x2  
  184  12:18  Marauder  
  184  12:20  Unknown x2  
  184  12:23  Marine x3, Marauder  
  184  12:24  Widow Mine x3  
  184  12:28  Marine x4, Marauder  
  195  12:35  Marine  
  192  12:37  Marine  
  192  12:39  Marauder  
  192  12:40  Marine  
  192  12:41  Marine  
  192  12:43  Medivac  
  192  12:44  Marine, Medivac  
  200  12:56  Planetary Fortress  
  200  12:59  Neosteel Armor  
  200  13:01  Terran Vehicle And Ship Armor Level 3  
  198  13:23  Barracks Tech Lab  
  198  13:24  Barracks Tech Lab  
  196  13:27  Starport x2  
  193  13:42  Marine x3, Marauder  
  193  13:47  Widow Mine x3, Viking  
  191  13:48  Unknown  
  162  13:57  Ghost x3  
  162  13:58  Ghost x2  
  162  13:59  Viking  
  168  14:02  Ghost  
  168  14:06  Marine x2  
  168  14:08  Marine x2  
  167  14:10  Widow Mine x3  
  170  14:19  Marine  
  170  14:20  Marine  
  172  14:27  Marauder x4  
  175  14:37  Marauder x2  
  172  14:39  Marine x4, Unknown  
  172  14:40  Unknown  
  164  14:46  Marine x3  
  164  14:47  Viking x2  
  164  14:48  Marauder  
  164  14:50  Viking x2  
  173  14:58  Ghost Academy  
  171  15:09  Command Center  
  171  15:12  Marine, Marauder x2, Unknown x2  
  168  15:15  Marine x3  
  168  15:21  Marine x2, Marauder  
Show
View Real Time Build Order
Export as new Build Order

Solar Zerg - Winner!

Build Orders: Hatch First 

Get SALT Encoding   

  12  0:01  Drone  
  13  0:12  Overlord  
  13  0:16  Drone  
  14  0:30  Drone  
  14  0:31  Drone  
  16  0:46  Hatchery  
  15  0:50  Drone  
  15  0:54  Drone  
  17  0:58  Drone  
  18  1:05  Extractor  
  17  1:14  Spawning Pool  
  17  1:16  Drone  
  17  1:19  Drone  
  18  1:28  Drone  
  19  1:40  Drone  
  20  1:52  Overlord  
  20  2:00  Zergling x4  
  20  2:01  Queen x2  
  22  2:07  Metabolic Boost  
  26  2:10  Drone  
  27  2:26  Hatchery  
  27  2:28  Drone  
  27  2:32  Drone  
  29  2:37  Drone  
  29  2:43  Queen  
  31  2:47  Drone  
  32  2:51  Overlord  
  32  2:54  Drone  
  32  2:57  Drone  
  34  2:58  Drone  
  35  3:07  Drone  
  35  3:11  Drone x2  
  38  3:14  Drone x2  
  38  3:15  Drone x2  
  42  3:21  Overlord  
  42  3:26  Queen  
  44  3:32  Overlord  
  44  3:37  Queen  
  44  3:38  Drone  
  44  3:39  Drone  
  44  3:41  Drone  
  49  3:44  Drone x2  
  51  3:49  Zergling x6  
  51  3:51  Drone  
  55  3:55  Drone  
  55  3:56  Drone  
  55  3:57  Drone  
  55  4:00  Drone x2  
  60  4:04  Drone  
  60  4:08  Lair  
  61  4:11  Baneling Nest  
  61  4:12  Drone x2  
  61  4:13  Drone  
  61  4:16  Queen  
  63  4:19  Overlord  
  63  4:22  Drone  
  66  4:26  Spore Crawler  
  66  4:27  Spore Crawler  
  66  4:31  Extractor x2  
  63  4:33  Overlord  
  63  4:34  Overlord  
  62  4:40  Drone x3  
  62  4:41  Drone  
  66  4:51  Zergling x6  
  66  4:52  Drone x4  
  72  4:56  Overlord  
  72  4:58  Drone x2  
  74  5:01  Evolution Chamber  
  74  5:02  Drone, Evolution Chamber  
  74  5:03  Drone  
  74  5:04  Drone  
  74  5:07  Drone x2  
  77  5:08  Drone  
  77  5:11  Centrifical Hooks  
  77  5:13  Drone  
  79  5:15  Drone  
  79  5:16  Extractor, Drone  
  80  5:23  Extractor, Drone  
  80  5:27  Drone x2  
  80  5:28  Zerg Ground Armor Level 1  
  82  5:32  Zerg Melee Weapons Level 1  
  82  5:34  Overlord  
  84  5:35  Drone x2  
  84  5:40  Zergling x8  
  84  5:42  Hatchery  
  87  5:46  Hydralisk Den  
  87  5:48  Zergling x8  
  89  5:50  Overlord  
  89  5:54  Drone  
  89  5:56  Drone  
  92  5:57  Drone  
  92  5:58  Drone x3  
  92  5:59  Zergling x2  
  92  6:00  Zergling x2  
  92  6:03  Overlord  
  97  6:05  Overlord  
  97  6:07  Pneumatized Carapace  
  97  6:11  Overlord  
  97  6:14  Drone  
  97  6:15  Overlord  
  98  6:19  Grooved Spines  
  98  6:20  Zergling x2  
  98  6:22  Zergling x6  
  98  6:23  Zergling x2  
  102  6:26  Zergling x2  
  102  6:27  Zergling x4  
  102  6:29  Baneling x8  
  102  6:31  Zergling x2  
  102  6:32  Zergling x6  
  109  6:35  Drone x2  
  110  6:40  Overlord  
  111  6:47  Drone  
  111  6:48  Queen  
  111  6:51  Drone  
  110  6:55  Drone x2  
  110  6:57  Drone  
  110  7:01  Overlord, Hydralisk  
  112  7:02  Hydralisk x5  
  112  7:07  Drone x3  
  112  7:08  Drone x2  
  128  7:11  Queen  
  128  7:13  Hydralisk  
  128  7:15  Drone x2  
  134  7:19  Overseer  
  134  7:20  Overlord  
  134  7:21  Extractor  
  134  7:22  Drone, Hatchery  
  133  7:24  Hydralisk  
  133  7:29  Hydralisk x2  
  135  7:34  Zerg Melee Weapons Level 2, Zerg Ground Armor Level 2  
  138  7:38  Drone x2  
  138  7:39  Drone  
  138  7:41  Zergling x10  
  138  7:42  Zergling x2  
  145  7:45  Infestation Pit  
  145  7:47  Overlord  
  144  7:52  Overlord  
  144  7:53  Hatchery  
  144  7:56  Hydralisk x3  
  149  7:59  Overlord  
  149  8:00  Overlord  
  149  8:02  Overlord  
  149  8:04  Overlord  
  149  8:09  Spire  
  149  8:10  Extractor, Zergling x8  
  149  8:11  Zergling x2  
  149  8:18  Zergling x10  
  152  8:22  Hive  
  152  8:23  Zergling x4  
  152  8:25  Drone  
  152  8:26  Drone  
  156  8:31  Drone x2  
  156  8:34  Drone  
  158  8:36  Hydralisk x3, Muscular Augments  
  158  8:37  Hydralisk x2  
  167  8:43  Zergling x18  
  167  8:45  Zergling x4  
  177  8:52  Zergling x6  
  178  8:56  Zergling x4  
  180  9:03  Zergling x14  
  180  9:04  Zergling x4  
  189  9:15  Baneling x16  
  189  9:16  Overseer, Baneling x2  
  189  9:17  Overseer  
  189  9:24  Zergling x12  
  189  9:25  Zergling x8  
  185  9:39  Zergling x20  
  193  9:48  Baneling x2  
  193  9:50  Spore Crawler  
  192  9:53  Adrenal Glands, Greater Spire  
  192  9:54  Zerg Ground Armor Level 3, Zerg Melee Weapons Level 3  
  192  9:55  Overlord x4  
  192  9:56  Overlord  
  192  10:01  Viper  
  192  10:02  Overlord  
  192  10:03  Zergling x2  
  192  10:04  Zergling x6  
  192  10:05  Overlord  
  192  10:10  Zergling x2  
  192  10:11  Zergling x18  
  192  10:12  Overlord  
  195  10:20  Zergling x10  
  199  10:27  Zergling x2  
  199  10:28  Zergling x18  
  183  10:29  Baneling x5  
  183  10:30  Baneling x10  
  183  10:33  Zergling x6  
  183  10:34  Zergling x6  
  187  10:36  Viper  
  187  10:40  Zergling x2  
  187  10:41  Zergling x4  
  190  10:43  Extractor, Drone  
  190  10:49  Corruptor x2  
  190  10:50  Corruptor x2  
  190  10:51  Zergling x2  
  198  11:08  Zerg Flyer Weapons Level 1  
  197  11:13  Baneling x4  
  197  11:14  Zergling x4  
  197  11:15  Hatchery  
  198  11:21  Zergling x2  
  198  11:22  Zergling x6  
  198  11:25  Zergling x6  
  194  11:27  Zergling x4  
  194  11:31  Zergling x2  
  194  11:32  Zergling x2  
  193  11:36  Zergling x2  
  193  11:37  Zergling x20  
  192  11:58  Corruptor x4  
  192  12:00  Brood Lord x3  
  198  12:08  Zergling x12  
  192  12:10  Zergling x6  
  192  12:11  Zergling x2  
  192  12:13  Zergling x2  
  196  12:16  Zergling x4  
  196  12:17  Zergling x6  
  199  12:27  Drone x7  
  186  12:39  Brood Lord x5  
  186  12:41  Hydralisk x2  
  198  12:44  Zergling x2  
  198  12:45  Zergling x2  
  198  12:47  Hatchery, Baneling x8  
  198  12:48  Baneling x6  
  197  12:51  Zergling x2  
  197  12:52  Zergling x2  
  199  13:03  Zerg Missile Weapons Level 1  
  199  13:18  Zergling x6  
  200  13:20  Baneling  
  200  13:21  Baneling x13  
  200  13:26  Overseer  
  200  13:27  Overseer  
  200  13:31  Overlord x3  
  200  13:41  Zergling x12  
  197  13:43  Zergling x2  
  197  13:45  Zergling x6  
  185  13:48  Hydralisk x2  
  185  13:53  Overseer x2  
  185  13:55  Zergling x10  
  182  13:56  Zergling x2  
  182  13:58  Zergling x2  
  182  14:01  Zergling x2  
  182  14:02  Unknown  
  188  14:05  Zergling x2  
  188  14:08  Zergling x4  
  188  14:09  Zergling x20  
  199  14:11  Baneling  
  199  14:12  Baneling x7  
  199  14:23  Hydralisk  
  198  14:26  Hydralisk  
  198  14:30  Unknown  
  196  14:32  Zergling x6  
  196  14:35  Zergling x4  
  194  14:40  Zergling x2  
  194  14:41  Zergling x26  
  190  14:50  Zergling x22  
  195  15:01  Hydralisk x2  
  195  15:02  Zergling x2  
  195  15:06  Zergling x8  
  200  15:09  Zergling x2  
  200  15:12  Zergling x2  
  200  15:13  Zergling x4  
  193  15:15  Baneling x10  
  193  15:17  Baneling  
  193  15:18  Baneling  
  193  15:19  Baneling x22  
  193  15:29  Zergling x2  
  193  15:32  Zergling x4  
  191  15:37  Unknown  
  191  15:39  Unknown  
  173  15:47  Hatchery  
Tags
 
Add a new tag
Caveats
  • Supply blocks, unpowered buildings, or Contaminate may cause inaccurate times.
  • Supply counts are checked every 10 seconds.